 Dungeon Crawl Stone Soup version 0.27.1 (webtiles) character file.

Game seed: 16663486896057815148

336 Ishikawa the Covered (level 6, 0/48 HPs)
             Began as a Demonspawn Fighter on Aug 20, 2021.
             Slain by an ogre (12 damage)
             ... on level 5 of the Dungeon.
             The game lasted 00:07:38 (3398 turns).

Ishikawa the Covered (Demonspawn Fighter)           Turns: 3398, Time: 00:07:38

Health: 0/48       AC: 15    Str: 16    XL:     6   Next: 28%
Magic:  8/8        EV: 11    Int: 11    God:
Gold:   164        SH:  9    Dex: 13    Spells: 8/8 levels left

rFire    . . .     SeeInvis +   l - +2 falchion (protect)
rCold    . . .     Faith    .   c - +0 kite shield
rNeg     . . .     Spirit   .   b - +0 scale mail
rPois    .         Reflect  .   (helmet restricted)
rElec    .         Harm     .   (no cloak)
rCorr    .         Rampage  .   s - +0 pair of gloves
Will     .....                  (no boots)
Stlth    ..........             (no amulet)
HPRegen  0.16/turn              m - +4 ring of evasion
MPRegen  0.11/turn              u - ring of see invisible

@: under a protective aura
A: horns 1, demonic magic 1
a: no special abilities


You were on level 5 of the Dungeon.
You visited 1 branch of the dungeon, and saw 5 of its levels.

You collected 164 gold pieces.

Inventory:

Hand Weapons
 a - a +0 long sword
 l - a +2 falchion of protection (weapon)
Armour
 b - a +0 scale mail (worn)
 c - a +0 kite shield (worn)
 s - a +0 pair of gloves (worn)
Jewellery
 m - a +4 ring of evasion (left hand)
 u - a ring of see invisible (right hand)
Wands
 r - a wand of paralysis (4)
Scrolls
 f - a scroll of fog {unknown}
 j - 4 scrolls of noise {unknown}
 k - a scroll of enchant armour {unknown}
 n - 3 scrolls of identify {unknown}
 p - a scroll of enchant weapon {unknown}
 q - a scroll of teleportation {unknown}
Potions
 d - 2 potions of might
 e - a potion of heal wounds
 g - 2 potions of curing {unknown}
 h - a potion of haste {unknown}
 i - a potion of degeneration {unknown}
 o - a potion of ambrosia {unknown}
 t - a potion of attraction {unknown}


   Skills:
 * Level 3.7 Fighting
 + Level 2.9 Long Blades
 * Level 3.8 Armour
 * Level 1.7 Dodging
 * Level 1.7 Stealth
 * Level 3.5 Shields
 * Level 1.5 Spellcasting


You had 8 spell levels left.
You didn't know any spells.
Your spell library contained the following spells:

 Spells                   Type           Power      Damage    Failure   Level
 Magic Dart               Conj           0%         1d3       99%         1
 Searing Ray              Conj           0%         3d3       100%        2
 Frozen Ramparts          Ice            0%         1d2       100%        3
 Fulminant Prism          Conj/Hex       0%         3d6       100%        4
 Ice Form                 Ice/Tmut       0%         N/A       100%        4
 Summon Ice Beast         Ice/Summ       0%         N/A       100%        4
 Iskenderun's Battlesphe  Conj           0%         2d6       100%        5
 Iron Shot                Conj/Erth      0%         9d1       100%        6
 Spellforged Servitor     Conj/Summ      0%         N/A       100%        7


Dungeon Overview and Level Annotations

Branches:
Dungeon (5/15)
 Temple: D:4-7

Altars:
Elyvilon
Hepliaklqana


Innate Abilities, Weirdness & Mutations

You have a pair of small horns on your head.
Spells you cast may paralyse adjacent enemies.


Message History

The ogre shouts!
You hit the hound but do no damage.
Your weapon exudes an aura of protection.
You block the hound's attack. The hound barely misses you.
You block the hound's attack.
You completely miss the hound. You headbutt the hound.
The hound is lightly wounded.
The hound barely misses you. The hound closely misses you.
You closely miss the hound.
The hound is lightly wounded.
You block the hound's attack. x2
You closely miss the hound. You headbutt the hound.
The hound is moderately wounded.
The hound bites you but does no damage. You block the hound's attack.
You miss the hound. You headbutt the hound.
The hound is severely wounded.
The hound bites you but does no damage. You block the hound's attack.
You barely miss the hound.
The hound is severely wounded.
The hound barely misses you. The hound misses you.
You barely miss the hound. You headbutt the hound.
The hound is severely wounded.
The hound barely misses you.
You riposte.
You hit the hound.
Your weapon exudes an aura of protection.
You kill the hound!
You slash the ogre!
The ogre is moderately wounded.
The ogre hits you with a +0 giant club!
You hit the ogre.
The ogre is heavily wounded.
The ogre hits you with a +0 giant club.
You slash the ogre!
The ogre is severely wounded.
The ogre hits you but does no damage.
The ogre hits you with a +0 giant club!!
* * * LOW HITPOINT WARNING * * *
You hit the ogre.
The ogre is almost dead.
The ogre hits you with a +0 giant club!
You die...

. #.≈≈≈≈≈..
#.#≈≈≈≈≈≈.#
#..≈≈≈≈..#
##.≈≈≈..#
##≈≈≈≈≈..#
##≈≈≈≈.≈..#
#≈#≈≈≈≈≈≈.≈.#
#≈≈≈≈≈≈≈..#O#
######†###@#
#.#.# #.#
#.#.# #..
.#########.#>#
####
......<^...#.#
.............#
##############


You could see an ogre.

Vanquished Creatures
  A phantom (D:4)
  A water moccasin skeleton (D:4)
  A hound (D:5)
  A bullfrog skeleton (D:4)
  A centaur skeleton (D:4)
  An iguana (D:5)
  An adder (D:4)
  A white imp (D:5)
  3 worms
  2 dart slugs
  An orc (D:3)
  5 endoplasms
  4 giant cockroaches
  9 goblins
  8 hobgoblins
  8 jackals
  3 kobolds
  3 quokkas
  8 ball pythons
  2 bats (D:3)
  4 frilled lizards
  6 rats
74 creatures vanquished.

Notes
Turn   | Place    | Note
-------+----------+-------------------------------------------
     0 | D:1      | Ishikawa the Demonspawn Fighter began the quest for the
                  | Orb.
     0 | D:1      | Reached XP level 1. HP: 18/18 MP: 1/1
   148 | D:1      | Gained mutation: You have a pair of small horns on your
                  | head. [demonic ancestry]
   148 | D:1      | Reached XP level 2. HP: 24/24 MP: 2/2
   219 | D:1      | Found a faded altar of an unknown god.
  1179 | D:2      | Reached XP level 3. HP: 29/29 MP: 3/3
  1724 | D:2      | Reached skill level 1 in Dodging
  1929 | D:3      | Reached XP level 4. HP: 35/35 MP: 4/4
  2606 | D:4      | Reached skill level 1 in Stealth
  2741 | D:4      | Reached skill level 1 in Spellcasting
  2741 | D:4      | Gained mutation: Spells you cast may paralyse adjacent
                  | enemies. [demonic ancestry]
  2741 | D:4      | Reached XP level 5. HP: 37/41 MP: 6/6
  2751 | D:4      | Noticed a phantom
  2780 | D:4      | Killed a phantom
  2926 | D:4      | Found a hazy altar of Hepliaklqana.
  2933 | D:4      | Reached XP level 6. HP: 45/47 MP: 6/8
  3303 | D:5      | Entered Level 5 of the Dungeon
  3398 | D:5      | Slain by an ogre

Illustrated notes

Levels and vault maps discovered:
D:1:      nicolae_arrival_memento_mori, layout_basic,
          shapermc_ecumenical_altar_acropolis, nrook_uturn
D:2:      layout_basic
D:3:      layout_basic
D:4:      layout_basic, jmf_multi_god_temple
D:5:      layout_loops_ring, lemuel_temple_firewalk_b, kennysheep_nondescript,
          hangedman_decor_growths, chequers_serial_rivers_large_a,
          serial_bayou_crossing, uniq_grinder

Skill      XL: |  1  2  3  4 |
---------------+-------------+-----
Armour         | 3 |  3.8
Long Blades    | 2 |  2.9
Dodging        | 1 |  1.7
Shields        | 3 |  3.5
Stealth        | 1 |  1.7
Spellcasting   | 1 |  1.5
Fighting       | |  3.7

Action                   |  1- 3 |  4- 6 || total
-------------------------+-------+-------++-------
Melee: Long sword        |   100 |       ||   100
       Headbutt          |    18 |    19 ||    37
       Falchion          |    31 |    91 ||   122
  Use: Potion            |       |     1 ||     1
Armor: Scale mail        |    55 |    32 ||    87
Dodge: Dodged            |    33 |    43 ||    76
Block: Kite shield       |    54 |    52 ||   106
       Rpst.: Long sword |     7 |       ||     7
       Falchion          |     5 |    12 ||    17
